 Dungeon Crawl Stone Soup version 0.26-a0-30-g56b8cd3df0 (webtiles) character file.

Game seed: 5441859939306785139, levelgen mode: deterministic

711 Lanoc the Chopper (level 7, -3/60 HPs)
             Began as a Minotaur Skald on May 30, 2020.
             Splashed by Ijyb's acid (13 damage)
             ... on level 4 of the Dungeon.
             The game lasted 00:07:06 (4016 turns).

Lanoc the Chopper (Minotaur Skald)                  Turns: 4016, Time: 00:07:07

Health: -3/60      AC:  6    Str: 15    XL:     7   Next: 40%
Magic:  2/8        EV: 13    Int: 10    God:
Gold:   198        SH:  0    Dex: 12    Spells: 5/8 levels left

rFire    . . .     SeeInvis .   a - +0 hand axe
rCold    . . .     Gourm    .   (no shield)
rNeg     . . .     Faith    .   b - +0 leather armour
rPois    +         Spirit   .   (helmet restricted)
rElec    .         Reflect  .   r - +2 cloak {rPois}
rCorr    .         Harm     .   (no gloves)
MR       .....                  (no boots)
Stlth    +.........             p - amulet of regeneration
HPRegen  0.60/turn              (no ring)
MPRegen  0.11/turn              (no ring)

@: infused
A: retaliatory headbutt, horns 2
a: no special abilities


You were on level 4 of the Dungeon.
You were not hungry.

You visited 1 branch of the dungeon, and saw 4 of its levels.

You collected 198 gold pieces.

Inventory:

Hand Weapons
 a - a +0 hand axe (weapon)
 o - a +2 quarterstaff of chaos
Armour
 b - a +0 leather armour (worn)
 q - a +0 plate armour
 r - a +2 cloak of poison resistance (worn)
Jewellery
 p - an amulet of regeneration (around neck)
Wands
 e - a wand of random effects (27)
 j - a wand of polymorph (6)
 w - a wand of flame (40)
Scrolls
 c - a scroll of fog {unknown}
 f - 6 scrolls of identify {unknown}
 h - 2 scrolls of teleportation {unknown}
 k - a scroll of enchant armour {unknown}
 l - 3 scrolls of remove curse {unknown}
 n - a scroll of random uselessness {unknown}
Potions
 g - a potion of flight
 i - a potion of haste {unknown}
 m - a potion of might {unknown}
 s - 2 potions of brilliance {unknown}
 u - a potion of magic {unknown}
 v - a potion of stabbing {unknown}
Comestibles
 d - 4 rations


   Skills:
 + Level 4.5 Fighting
 * Level 6.2 Axes
 + Level 4.0 Armour
 + Level 4.1 Dodging
 - Level 1.3 Spellcasting
 + Level 3.0 Charms


You had 5 spell levels left.
You knew the following spells:

 Your Spells              Type           Power        Failure   Level  Hunger
a - Infusion              Chrm           #...         12%         1    ##.....
b - Song of Slaying       Chrm           #.......     17%         2    ###....

Your spell library contained the following spells:

 Spells                   Type           Power        Failure   Level  Hunger
 Shroud of Golubria       Chrm/Tloc      #.....       32%         2    ###....
 Ozocubu's Armour         Chrm/Ice       #.......     54%         3    ####...
 Spectral Weapon          Hex/Chrm       #.......     54%         3    ####...
 Confusing Touch          Hex            #.......     77%         3    ####...
 Gell's Gravitas          Tloc           #.........   77%         3    ####...
 Petrify                  Tmut/Erth      #.......     99%         4    #####..
 Metabolic Englaciation   Hex/Ice        #.........   100%        5    ######.
 Yara's Violent Unravell  Hex/Tmut       #.........   100%        5    ######.


Dungeon Overview and Level Annotations

Branches:
Dungeon (4/15)
 Temple: D:4-7

Altars:
Okawaru
Xom

Annotations:
D:4 Ijyb


Innate Abilities, Weirdness & Mutations

You reflexively headbutt those who attack you in melee.
You have a pair of horns on your head.


Message History

The leopard gecko bites you.
Ijyb zaps a wand.
The bolt of acid hits you!!
You are splashed with acid!
You are too injured to fight recklessly!
You hit Ijyb! Your headbutt misses Ijyb.
Ijyb is moderately wounded.
You completely miss the bullfrog skeleton.
You hit the leopard gecko.
The bullfrog skeleton barely misses you.
The leopard gecko misses you. Ijyb hits you but does no damage.
You hit Ijyb. Your headbutt misses Ijyb.
Ijyb is moderately wounded.
You hit the leopard gecko.
You kill the leopard gecko!
You hit the bullfrog skeleton.
The bullfrog skeleton hits you but does no damage.
The bullfrog skeleton barely misses you.
Ijyb zaps a wand.
The bolt of acid hits you!
* * * LOW HITPOINT WARNING * * *
You are splashed with acid!
You die...

.##..# ... # .##.>#
#####.#.##########
.###.# ####......
#......... .# #.#
#....#...#+#.########
## #.#
##............# ..
#.............#
#.#............##
#.....Z....<...+
#.....†@.......#
#..#..g.!......#
#..............#
#..............#
#######+###.#### #.#
#.. ###


You could see Ijyb and a bullfrog skeleton.

Vanquished Creatures
  Sigmund (D:2)
  A phantom (D:4)
  An ogre (D:4)
  The ghost of emiel the Gusty, an amateur BaAE of Vehumet (D:3)
  A hound (D:4)
  Crazy Yiuf (D:2)
  Jessica (D:2)
  An orc wizard (D:4)
  An iguana (D:3)
  A worker ant (D:4)
  A hound skeleton (D:4)
  A gnoll (D:1)
  3 adders
  3 worms
  2 dart slugs
  4 leopard geckos
  16 orcs
  2 giant cockroaches
  3 goblins
  12 hobgoblins
  4 jackals (D:3)
  6 bats
  2 frilled lizards
  7 kobolds
  10 rats
86 creatures vanquished.

Notes
Turn   | Place    | Note
-------+----------+-------------------------------------------
     0 | D:1      | Lanoc the Minotaur Skald began the quest for the Orb.
     0 | D:1      | Reached XP level 1. HP: 18/18 MP: 1/1
   245 | D:1      | Reached XP level 2. HP: 25/25 MP: 0/3
   298 | D:1      | Reached skill level 3 in Axes
   498 | D:2      | Noticed Sigmund
   707 | D:1      | Reached XP level 3. HP: 30/30 MP: 4/4
  1366 | D:2      | Killed Sigmund
  1366 | D:2      | Reached skill level 4 in Axes
  1366 | D:2      | Reached XP level 4. HP: 26/38 MP: 2/5
  1366 | D:2      | Reached XP level 5. HP: 31/45 MP: 2/6
  1685 | D:2      | Found a shimmering altar of Xom.
  1686 | D:2      | Found a shimmering altar of Xom.
  1687 | D:2      | Found a shimmering altar of Xom.
  1687 | D:2      | Noticed Jessica
  1692 | D:2      | Found a shimmering altar of Xom.
  1692 | D:2      | Found a shimmering altar of Xom.
  1694 | D:2      | Found a shimmering altar of Xom.
  1694 | D:2      | Found a shimmering altar of Xom.
  1846 | D:2      | Killed Jessica
  2137 | D:2      | Found a runed translucent door.
  2138 | D:2      | Noticed Crazy Yiuf
  2150 | D:2      | Killed Crazy Yiuf
  2382 | D:3      | Reached XP level 6. HP: 52/52 MP: 4/7
  2678 | D:3      | Found an iron altar of Okawaru.
  2726 | D:3      | Reached skill level 5 in Axes
  3138 | D:3      | Found a runed translucent gate.
  3139 | D:3      | Found a runed translucent gate.
  3139 | D:3      | Found a runed translucent gate.
  3140 | D:3      | Noticed emiel's ghost (amateur BaAE)
  3150 | D:3      | Killed emiel's ghost
  3514 | D:3      | Learned a level 2 spell: Song of Slaying
  3581 | D:4      | Reached XP level 7. HP: 59/59 MP: 5/8
  3937 | D:4      | Reached skill level 6 in Axes
  4010 | D:4      | Noticed Ijyb
  4016 | D:4      | Splashed by Ijyb's acid

Illustrated notes

Levels and vault maps discovered:
D:1:      wander_arrival_peaceful_grave, layout_basic
D:2:      layout_rooms, xom_redecorated, uniq_sigmund, uniq_crazy_yiuf_cottage,
          uniq_jessica
D:3:      layout_loops_ring, lemuel_doored_altar, ebering_ghost_rock_garden,
          first_ration
D:4:      layout_basic, uniq_ijyb

Skill      XL: |  1  2  3  4  5  6  7 |
---------------+----------------------+-----
Axes           | 3 4 5 6 |  6.2
Armour         | 2 3 4 |  4.0
Fighting       | 3 4 |  4.5
Dodging        | 3 4 |  4.1
Charms         | 3 |  3.0
Spellcasting   | |  1.3

Action                   |  1- 3 |  4- 6 |  7- 9 || total
-------------------------+-------+-------+-------++-------
Melee: Hand axe          |    83 |   140 |    34 ||   257
       Headbutt          |     6 |    23 |     6 ||    35
 Cast: Infusion          |     8 |    18 |     6 ||    32
  Use: Potion            |     4 |       |       ||     4
  Eat: Chunk             |     2 |     8 |     1 ||    11
Armor: Leather armour    |    13 |    32 |     6 ||    51
       Skin              |     7 |       |       ||     7
Dodge: Dodged            |    62 |    88 |    16 ||   166

Table legend:
 A = Non-vault XP
 B = Vault XP
 C = Vault XP percentage of total XP
 D = Non-vault monster count
 E = Vault monster count
 F = Vault count percentage of total count
                 A         B        C        D         E       F
            +---------+---------+-------+---------+---------+-------
      Total |     612 |     405 |  39.8 |      82 |       4 |   4.7
            +---------+---------+-------+---------+---------+-------
        D:1 |      49 |       0 |   0.0 |      23 |       0 |   0.0
        D:2 |      15 |     299 |  95.2 |       7 |       3 |  30.0
        D:3 |     108 |     106 |  49.5 |      30 |       1 |   3.2
        D:4 |     440 |       0 |   0.0 |      22 |       0 |   0.0
            +---------+---------+-------+---------+---------+-------
